AAA
COLUMBUS CLIPPERS @ GWINNETT STRIPERS
04/28/2052
 
TOP OF THE 1ST
Wilkes-Barre Barons batting - Pitching for Louisville Bats : RHP Sebastian Lester
Pitching: RHP Sebastian Lester
Batting: RHB Jose Amador 0-0: Foul Ball, location: 2F
0-1: Ball
1-1: Ball
2-1: Ground out 5-3 (Groundball, 5, EV 84.4 MPH)
Batting: LHB Cody Cousins 0-0: Ball
1-0: Ball
2-0: Called Strike
2-1: Foul Ball, location: 2F
2-2: Ball
3-2: Fly out, F8 (Line Drive, 8LD, EV 95.0 MPH)
Batting: RHB Austin Maher 0-0: Called Strike
0-1: Foul Ball, location: 2F
0-2: Strikes out swinging
Top of the 1st over - 0 runs, 0 hits, 0 errors, 0 left on base; Wilkes-Barre 0 - Louisville 0
BOTTOM OF THE 1ST
Louisville Bats batting - Pitching for Wilkes-Barre Barons : LHP Bill Bollinger
Pitching: LHP Bill Bollinger
Batting: RHB Bradford Walton 0-0: Foul Ball, location: 2F
0-1: SINGLE (Groundball, 34D, EV 97.5 MPH)
Batting: SHB Danny Zamarripa 0-0: Ball
1-0: Ball
2-0: Called Strike
2-1: Ball
3-1: Base on Balls
Bradford Walton to second
Batting: RHB Alexis Almeida 0-0: Ball
1-0: Fly out, F4 (Popup, 13S, EV 84.4 MPH)
Batting: RHB Augusto Marin 0-0: Ball
1-0: Called Strike
1-1: Ball
2-1: SINGLE (Groundball, 34D, EV 96.9 MPH)
Bradford Walton to third
Danny Zamarripa to second
Runner from 3rd tries for Home, SAFE, throw by RF to home
Batting: RHB Kaiden Houston 0-0: Ball
1-0: Ball
2-0: Ball
3-0: Called Strike
3-1: Fly out, F8 (Line Drive, 8RS, EV 95.0 MPH)
Batting: LHB T.J. Katz 0-0: Called Strike
0-1: Ball
1-1: Ball
2-1: Swinging Strike
2-2: Strikes out swinging
Bottom of the 1st over - 1 run, 2 hits, 0 errors, 2 left on base; Wilkes-Barre 0 - Louisville 1
TOP OF THE 2ND
Wilkes-Barre Barons batting - Pitching for Louisville Bats : RHP Sebastian Lester
Batting: RHB Keith Lane 0-0: Ball
1-0: Foul Ball, location: 2F
1-1: Ball
2-1: Ball
3-1: Base on Balls
Batting: RHB Adam Medwid 0-0: Ball
1-0: Foul Ball, location: 2F
1-1: Swinging Strike
1-2: Strikes out swinging
Batting: RHB Sebastian Osterland 0-0: Ball
1-0: Foul Ball, location: 2F
1-1: Swinging Strike
1-2: Strikes out looking
Batting: LHB Ryan Peele 0-0: Ball
1-0: Called Strike
1-1: 2-RUN HOME RUN (Flyball, 9D, EV 100.6 MPH), Distance : 375 ft
Batting: LHB Jose Munoz 0-0: Called Strike
0-1: Foul Ball, location: 2F
0-2: Ground out U3 (Groundball, 3, EV 85.6 MPH)
Top of the 2nd over - 2 runs, 1 hit, 0 errors, 0 left on base; Wilkes-Barre 2 - Louisville 1
BOTTOM OF THE 2ND
Louisville Bats batting - Pitching for Wilkes-Barre Barons : LHP Bill Bollinger
Batting: RHB Pablo Heredia 0-0: Ball
1-0: Ball
2-0: SINGLE (Groundball, P, EV 76.9 MPH) (infield hit)
Batting: RHB D.J. Bolstridge 0-0: Ball
1-0: Swinging Strike
1-1: Ball
2-1: Foul Ball, location: 2F
2-2: Ball
3-2: Strikes out swinging
Batting: RHB Josh Check 0-0: Called Strike
0-1: Foul Ball, location: 2F
0-2: Ball
1-2: Foul Ball, location: 2F
1-2: Foul Ball, location: 2F
1-2: Ball
2-2: Grounds into double play, 5-4-3 (Groundball, 56, EV 92.5 MPH)
Bottom of the 2nd over - 0 runs, 1 hit, 0 errors, 0 left on base; Wilkes-Barre 2 - Louisville 1
TOP OF THE 3RD
Wilkes-Barre Barons batting - Pitching for Louisville Bats : RHP Sebastian Lester
Batting: RHB Leo Vela 0-0: Foul Ball, location: 2F
0-1: Foul Ball, location: 2F
0-2: Foul Ball, location: 2F
0-2: SOLO HOME RUN (Flyball, 7D, EV 98.1 MPH), Distance : 375 ft
Batting: RHB Jose Amador 0-0: Called Strike
0-1: Ball
1-1: Ball
2-1: TRIPLE (Flyball, 9LD, EV 101.9 MPH)
Batting: LHB Cody Cousins 0-0: Ball
1-0: Ball
2-0: SINGLE (Flyball, 34D, EV 91.9 MPH)
Jose Amador scores
Batting: RHB Austin Maher 0-0: Called Strike
0-1: Ball
1-1: Fielders Choice at 2nd, 6-4 (Groundball, 6, EV 100.0 MPH)
Batting: RHB Keith Lane 0-0: Foul Ball, location: 2F
0-1: Ball
1-1: Ball
2-1: Foul Ball, location: 2F
2-2: Strikes out swinging
Batting: RHB Adam Medwid 0-0: Swinging Strike
0-1: Foul Ball, location: 2F
0-2: Ball
Wild Pitch!
Austin Maher to second
1-2: Ball
2-2: Strikes out swinging
Top of the 3rd over - 2 runs, 3 hits, 0 errors, 1 left on base; Wilkes-Barre 4 - Louisville 1
BOTTOM OF THE 3RD
Louisville Bats batting - Pitching for Wilkes-Barre Barons : LHP Bill Bollinger
Batting: RHB Bradford Walton 0-0: Called Strike
0-1: Ball
1-1: Called Strike
1-2: Ball
2-2: Foul Ball, location: 2F
2-2: Foul Ball, location: 2F
2-2: Fly out, F3 (Popup, 3S, EV 68.1 MPH)
Batting: SHB Danny Zamarripa 0-0: Swinging Strike
0-1: Called Strike
0-2: Hit by Pitch
Batting: RHB Alexis Almeida 0-0: Ball
1-0: 2-RUN HOME RUN (Line Drive, 78XD, EV 108.1 MPH), Distance : 406 ft
Batting: RHB Augusto Marin 0-0: Ground out 6-3 (Groundball, 6, EV 81.2 MPH)
Batting: RHB Kaiden Houston 0-0: Ball
1-0: Ball
2-0: Called Strike
2-1: Foul Ball, location: 7LSF, Error on foul ball, E7
2-2: Ground out 1-3 (Groundball, 13S, EV 63.8 MPH)
Bottom of the 3rd over - 2 runs, 1 hit, 1 error, 0 left on base; Wilkes-Barre 4 - Louisville 3
TOP OF THE 4TH
Wilkes-Barre Barons batting - Pitching for Louisville Bats : RHP Sebastian Lester
Batting: RHB Sebastian Osterland 0-0: Foul Ball, location: 2F
0-1: Foul Ball, location: 2F
0-2: Ball
1-2: Foul Ball, location: 2F
1-2: Ground out U3 (Groundball, 3S, EV 75.0 MPH)
Batting: LHB Ryan Peele 0-0: Called Strike
0-1: Ball
1-1: Foul Ball, location: 2F
1-2: Fly out, F8 (Flyball, 8LXD, EV 90.0 MPH)
Batting: LHB Jose Munoz 0-0: Ground out 5-3 (Groundball, 5L, EV 111.9 MPH)
Top of the 4th over - 0 runs, 0 hits, 0 errors, 0 left on base; Wilkes-Barre 4 - Louisville 3
BOTTOM OF THE 4TH
Louisville Bats batting - Pitching for Wilkes-Barre Barons : LHP Bill Bollinger
Batting: LHB T.J. Katz 0-0: Called Strike
0-1: Foul Ball, location: 2F
0-2: Ball
1-2: Foul Ball, location: 2F
1-2: SOLO HOME RUN (Flyball, 9LD, EV 93.8 MPH), Distance : 354 ft
Batting: RHB Pablo Heredia 0-0: Ball
1-0: Foul Ball, location: 2F
1-1: Foul Ball, location: 2F
1-2: Fly out, F6 (Line Drive, 6, EV 68.1 MPH)
Batting: RHB D.J. Bolstridge 0-0: Foul Ball, location: 2F
0-1: Ball
1-1: Ground out 4-3 (Groundball, 4, EV 82.5 MPH)
Batting: RHB Josh Check 0-0: Ball
1-0: Swinging Strike
1-1: Called Strike
1-2: Ball
2-2: Strikes out looking
Bottom of the 4th over - 1 run, 1 hit, 0 errors, 0 left on base; Wilkes-Barre 4 - Louisville 4
TOP OF THE 5TH
Wilkes-Barre Barons batting - Pitching for Louisville Bats : RHP Sebastian Lester
Batting: RHB Leo Vela 0-0: Ball
1-0: Ball
2-0: Called Strike
2-1: Ball
3-1: Foul Ball, location: 2F
3-2: Foul Ball, location: 2F
3-2: Strikes out swinging
Batting: RHB Jose Amador 0-0: Ball
1-0: Swinging Strike
1-1: Fly out, F8 (Flyball, 8LM, EV 88.1 MPH)
Batting: LHB Cody Cousins 0-0: Ball
1-0: Ball
2-0: Ball
3-0: Called Strike
3-1: Fly out, F7 (Flyball, 78M, EV 85.6 MPH)
Top of the 5th over - 0 runs, 0 hits, 0 errors, 0 left on base; Wilkes-Barre 4 - Louisville 4
BOTTOM OF THE 5TH
Louisville Bats batting - Pitching for Wilkes-Barre Barons : LHP Bill Bollinger
Batting: RHB Bradford Walton 0-0: Ball
1-0: Fly out, F6 (Popup, 6MS, EV 73.8 MPH)
Batting: SHB Danny Zamarripa 0-0: Called Strike
0-1: Swinging Strike
0-2: Fly out, F4 (Popup, 23, EV 86.9 MPH)
Batting: RHB Alexis Almeida 0-0: Swinging Strike
0-1: Ball
1-1: Swinging Strike
1-2: Ball
2-2: Ball
3-2: Foul Ball, location: 2F
3-2: Strikes out swinging
Bottom of the 5th over - 0 runs, 0 hits, 0 errors, 0 left on base; Wilkes-Barre 4 - Louisville 4
TOP OF THE 6TH
Wilkes-Barre Barons batting - Pitching for Louisville Bats : RHP Sebastian Lester
Batting: RHB Austin Maher 0-0: SINGLE (Groundball, 6MD, EV 97.5 MPH) (infield hit)
Batting: RHB Keith Lane 0-0: Ball
1-0: Called Strike
1-1: Called Strike
1-2: Ball
2-2: Foul Ball, location: 2F
2-2: Strikes out swinging
Batting: RHB Adam Medwid 0-0: Called Strike
0-1: SINGLE (Line Drive, 6M, EV 108.1 MPH)
Austin Maher to second
Batting: RHB Sebastian Osterland 0-0: Called Strike
0-1: Ball
1-1: Called Strike
1-2: Foul Ball, location: 2F
1-2: Ball
2-2: Ball
3-2: Base on Balls
Austin Maher to third
Adam Medwid to second
Batting: LHB Ryan Peele 0-0: Called Strike
0-1: Ball
1-1: Foul Ball, location: 2F
1-2: DOUBLE (Line Drive, 9LS, EV 95.0 MPH)
Austin Maher scores
Adam Medwid scores
Sebastian Osterland to third
Pitching: RHP Jose Cortes
Batting: LHB Jose Munoz 0-0: Ball
1-0: Reached on error, E4 (Groundball, 4M, EV 102.5 MPH)
Sebastian Osterland scores
Ryan Peele to third
Batting: RHB Leo Vela 0-0: Called Strike
0-1: Foul Ball, location: 2F
0-2: Ball
1-2: Ball
2-2: Foul Ball, location: 2F
2-2: Ball
3-2: Foul Ball, location: 2F
3-2: Foul Ball, location: 2F
3-2: Foul Ball, location: 2F
3-2: DOUBLE (Flyball, 89D, EV 90.6 MPH)
Ryan Peele scores
Jose Munoz to third
Jose Munoz scores
Batting: RHB Jose Amador 0-0: Ball
1-0: DOUBLE (Line Drive, 78XD, EV 102.5 MPH)
Leo Vela scores
Batting: LHB Cody Cousins 0-0: Ball
1-0: Ball
2-0: Foul Ball, location: 2F
2-1: Ball
3-1: Base on Balls
Batting: RHB Austin Maher 0-0: Ball
1-0: Called Strike
1-1: Swinging Strike
1-2: Foul Ball, location: 2F
1-2: Foul Ball, location: 2F
1-2: DOUBLE (Groundball, 3L, EV 105.0 MPH)
Jose Amador scores
Cody Cousins to third
Pitching: RHP T.J. Humpert
Batting: RHB Keith Lane 0-0: Called Strike
0-1: Fly out, F7 (Line Drive, 7, EV 92.5 MPH)
Runner from 3rd tags up, OUT at HOME! 7-2
Top of the 6th over - 7 runs, 6 hits, 1 error, 1 left on base; Wilkes-Barre 11 - Louisville 4
BOTTOM OF THE 6TH
Louisville Bats batting - Pitching for Wilkes-Barre Barons : LHP Bill Bollinger
Batting: RHB Augusto Marin 0-0: Called Strike
0-1: Ball
1-1: Called Strike
1-2: Ball
2-2: Foul Ball, location: 2F
2-2: Foul Ball, location: 2F
2-2: Strikes out swinging
Batting: RHB Kaiden Houston 0-0: Ball
1-0: Ball
2-0: Called Strike
2-1: Ball
3-1: Foul Ball, location: 2F
3-2: SINGLE (Groundball, 34S, EV 68.8 MPH) (infield hit)
Batting: LHB T.J. Katz 0-0: Fly out, F8 (Flyball, 8LS, EV 88.8 MPH)
Batting: RHB Pablo Heredia 0-0: Ball
1-0: Called Strike
1-1: Swinging Strike
1-2: Reached on error, E5 (Groundball, 56, EV 88.8 MPH)
Kaiden Houston to second
Pitching: RHP Tony Torrez
Batting: RHB D.J. Bolstridge 0-0: Called Strike
0-1: Foul Ball, location: 2F
0-2: Ball
1-2: Ball
2-2: Ground out 3-1 (Groundball, 34, EV 78.8 MPH)
Bottom of the 6th over - 0 runs, 1 hit, 1 error, 2 left on base; Wilkes-Barre 11 - Louisville 4
TOP OF THE 7TH
Wilkes-Barre Barons batting - Pitching for Louisville Bats : RHP T.J. Humpert
Batting: RHB Adam Medwid 0-0: Ball
1-0: Ball
2-0: Ground out 6-3 (Groundball, 6S, EV 88.8 MPH)
Batting: RHB Sebastian Osterland 0-0: Called Strike
0-1: Swinging Strike
0-2: Strikes out looking
Batting: LHB Ryan Peele 0-0: Ball
1-0: Called Strike
1-1: Ball
2-1: Swinging Strike
2-2: Ball
3-2: Base on Balls
Batting: LHB Jose Munoz 0-0: Ball
1-0: Swinging Strike
1-1: Ball
2-1: Ball
3-1: Foul Ball, location: 2F
3-2: Strikes out swinging
Top of the 7th over - 0 runs, 0 hits, 0 errors, 1 left on base; Wilkes-Barre 11 - Louisville 4
BOTTOM OF THE 7TH
Louisville Bats batting - Pitching for Wilkes-Barre Barons : RHP Tony Torrez
Batting: RHB Josh Check 0-0: SINGLE (Groundball, 56D, EV 97.5 MPH)
Batting: RHB Bradford Walton 0-0: Ball
1-0: Ball
2-0: Called Strike
2-1: Foul Ball, location: 2F
2-2: Foul Ball, location: 2F
2-2: Ball
3-2: Foul Ball, location: 2F
3-2: Foul Ball, location: 2F
3-2: Base on Balls
Josh Check to second
Batting: SHB Danny Zamarripa 0-0: Ball
1-0: Ball
2-0: Called Strike
2-1: Fielders Choice at 2nd, 3-6 (Groundball, 3, EV 96.9 MPH)
Josh Check to third
Batting: RHB Alexis Almeida 0-0: Swinging Strike
0-1: Called Strike
0-2: Ball
1-2: Fly out, F9 (Flyball, 89D, EV 95.0 MPH)
Runner from 3rd tags up, OUT at HOME! 9-2
Bottom of the 7th over - 0 runs, 1 hit, 0 errors, 1 left on base; Wilkes-Barre 11 - Louisville 4
TOP OF THE 8TH
Wilkes-Barre Barons batting - Pitching for Louisville Bats : RHP T.J. Humpert
Batting: RHB Leo Vela 0-0: Called Strike
0-1: Fly out, F8 (Flyball, 78M, EV 89.4 MPH)
Batting: RHB Jose Amador 0-0: Ball
1-0: Ground out 6-3 (Groundball, 6MS, EV 92.5 MPH)
Batting: LHB Cody Cousins 0-0: Fly out, F7 (Flyball, 78M, EV 88.1 MPH)
Top of the 8th over - 0 runs, 0 hits, 0 errors, 0 left on base; Wilkes-Barre 11 - Louisville 4
BOTTOM OF THE 8TH
Louisville Bats batting - Pitching for Wilkes-Barre Barons : RHP Tony Torrez
Batting: RHB Augusto Marin 0-0: Fly out, F6 (Popup, 6M, EV 53.1 MPH)
Pinch Hitting: LHB Miguel Melchor 0-0: Called Strike
0-1: Ball
1-1: Foul Ball, location: 2F
1-2: Ball
2-2: Ground out 6-3 (Groundball, 6, EV 97.5 MPH)
Batting: LHB T.J. Katz 0-0: Ground out 4-3 (Groundball, 4S, EV 66.2 MPH)
Bottom of the 8th over - 0 runs, 0 hits, 0 errors, 0 left on base; Wilkes-Barre 11 - Louisville 4
TOP OF THE 9TH
Wilkes-Barre Barons batting - Pitching for Louisville Bats : RHP T.J. Humpert
Now at 3B: Felipe Fernández
Now at SS: D.J. Bolstridge
Batting: RHB Austin Maher 0-0: Called Strike
0-1: Ground out U3 (Groundball, 34, EV 92.5 MPH)
Batting: RHB Keith Lane 0-0: Ball
1-0: Foul Ball, location: 2F
1-1: Ball
2-1: Ground out 6-3 (Groundball, 6, EV 84.4 MPH)
Batting: RHB Adam Medwid 0-0: Foul Ball, location: 2F
0-1: Ball
1-1: Ball
2-1: Swinging Strike
2-2: Strikes out swinging
Top of the 9th over - 0 runs, 0 hits, 0 errors, 0 left on base; Wilkes-Barre 11 - Louisville 4
BOTTOM OF THE 9TH
Louisville Bats batting - Pitching for Wilkes-Barre Barons : RHP Tony Torrez
Batting: RHB Pablo Heredia 0-0: Ball
1-0: Fly out, F8 (Flyball, 8LD, EV 81.2 MPH)
Batting: RHB D.J. Bolstridge 0-0: Ball
1-0: Called Strike
1-1: Ball
2-1: Foul Ball, location: 2F
2-2: Strikes out swinging
Batting: RHB Josh Check 0-0: Ball
1-0: Ball
2-0: Foul Ball, location: 2F
2-1: Called Strike
2-2: Foul Ball, location: 2F
2-2: Ball
3-2: Fly out, F8 (Line Drive, 8RD, EV 98.1 MPH)
Bottom of the 9th over - 0 runs, 0 hits, 0 errors, 0 left on base; Wilkes-Barre 11 - Louisville 4
Thursday, April 18th , 2024 - OOTP Baseball 24.11 Build 85